 Dungeon Crawl Stone Soup version 0.18.1-50-g88ac8fd (webtiles) character file.

137 Franakus the Conjurer (level 5, -2/28 HPs)
             Began as a Deep Elf Conjurer on Oct 20, 2016.
             Slain by a sky beast (3 damage)
             ... on level 6 of the Dungeon.
             The game lasted 00:16:44 (1885 turns).

Franakus the Conjurer (Deep Elf Conjurer)           Turns: 1885, Time: 00:16:45

Health: -2/28      AC:  2    Str:  5    XL:     5   Next: 0%
Magic:  6/13       EV: 13    Int: 21    God:
Gold:   154        SH:  0    Dex: 15    Spells: 4 memorised, 2 levels left

rFire  x . .     SeeInvis .     h - +0 club
rCold  + . .     Gourm    .     a - +0 robe
rNeg   . . .     Faith    .     (no shield)
rPois  .         Spirit   .     (no helmet)
rElec  .         Dismiss  .     (no cloak)
rCorr  .         Reflect  .     (no gloves)
SustAt .         Harm     .     (no boots)
MR     .....                    (no amulet)
Stlth  ++........               (no ring)
                                p - ring of ice

@: not resistant to hostile enchantments, unstealthy
A: no striking features
a: no special abilities


You were on level 6 of the Dungeon.
You were very hungry.

You visited 1 branch of the dungeon, and saw 6 of its levels.

You collected 154 gold pieces.

Inventory:

Hand Weapons
 h - a +0 club (weapon)
Armour
 a - a +0 robe (worn)
Jewellery
 p - a ring of ice (left hand)
Wands
 o - a wand of polymorph (6/24)
Scrolls
 g - 2 scrolls of immolation {unknown}
 l - a scroll of identify
 m - a scroll of remove curse {unknown}
 n - a scroll of fear {unknown}
 q - a scroll of amnesia {unknown}
Potions
 d - a potion of haste {unknown}
 e - a potion of brilliance {unknown}
 j - 3 potions of curing {unknown}
 k - a potion of agility {unknown}
 r - a potion of beneficial mutation {unknown}
Books
 b - a book of Conjurations

   Spells                             Type                      Level
   a - Magic Dart                     Conjuration                  1
   b - Searing Ray                    Conjuration                  2
   c - Dazzling Spray                 Conjuration/Hexes            3
   d - Fulminant Prism                Conjuration/Hexes            4
   e - Iskenderun's Mystic Blast      Conjuration                  4
   f - Iskenderun's Battlesphere      Conjuration/Charms           5
Comestibles
 c - 2 bread rations
 f - a meat ration
 i - a beef jerky


   Skills:
 + Level 0.2 Fighting
 + Level 3.2 Dodging
 + Level 3.0 Stealth
 + Level 4.2 Spellcasting
 + Level 5.8 Conjurations


You had 2 spell levels left.
You knew the following spells:

 Your Spells              Type           Power        Failure   Level  Hunger
a - Magic Dart            Conj           ####         1%          1    None
b - Searing Ray           Conj           ####..       1%          2    #......
c - Dazzling Spray        Conj/Hex       ###...       14%         3    ###....
d - Iskenderun's Mystic   Conj           ####....     14%         4    ####...


Dungeon Overview and Level Annotations

Branches:
Dungeon (6/15)
 Temple: D:4-7

Altars:
Makhleb

Shops:
D:6 %


Message History

The orc shouts!
The sky beast hits you. The sky beast shocks you.
The searing ray hits the sky beast.
The sky beast is moderately wounded.
The giant frog hits you. The sky beast hits you. The sky beast shocks you.
The giant frog hits you but does no damage.
The searing ray hits the sky beast.
The sky beast is moderately wounded.
The giant frog hits you.
* * * LOW HITPOINT WARNING * * *
The sky beast misses you.
The searing ray hits the sky beast.
The sky beast is severely wounded.
The giant frog closely misses you. The sky beast completely misses you.
The giant frog barely misses you.
A worker ant comes into view.
The giant frog hits you.
* * * LOW HITPOINT WARNING * * *
The sky beast hits you.
You die...

#. .. .###..
. ....# ..
a... #
#.##..#
..∩....>.
#..##..###.#
#....o<...#
####.@#####
#(..FY..#
#.......#
##.....(#
#......#
#......#
#......#
#.......


You could see a sky beast, a giant frog, a worker ant (wandering) and an orc.

Vanquished Creatures
  A jelly (D:4)
  3 hound skeletons
  A howler monkey zombie (D:5)
  An adder (D:3)
  An ooze (D:1)
  An adder zombie (D:2)
  A dart slug (D:4)
  A giant gecko (D:1)
  An orc (D:4)
  2 giant cockroaches
  2 goblins
  5 hobgoblins
  4 kobolds (D:1)
  A quokka (D:2)
  2 ball pythons
  2 bats
  A giant cockroach zombie (D:2)
  A giant gecko skeleton (D:4)
  2 giant newts (D:1)
  6 rats
39 creatures vanquished.

Notes
Turn   | Place    | Note
--------------------------------------------------------------
     0 | D:1      | Franakus the Deep Elf Conjurer began the quest for the Orb.
     0 | D:1      | Reached XP level 1. HP: 10/10 MP: 6/6
   128 | D:1      | Reached XP level 2. HP: 4/15 MP: 0/8
   523 | D:1      | Reached skill level 5 in Conjurations
   837 | D:1      | Learned a level 2 spell: Searing Ray
  1010 | D:1      | Found a burning altar of Makhleb.
  1214 | D:2      | Reached XP level 3. HP: 19/19 MP: 6/9
  1541 | D:4      | Reached XP level 4. HP: 9/24 MP: 7/12
  1546 | D:4      | Learned a level 3 spell: Dazzling Spray
  1551 | D:4      | Learned a level 4 spell: Iskenderun's Mystic Blast
  1596 | D:5      | Entered Level 5 of the Dungeon
  1841 | D:4      | Reached XP level 5. HP: 27/28 MP: 10/13
  1879 | D:6      | Found Tiahaont's Food Shop.
  1879 | D:6      | Noticed a sky beast
  1885 | D:6      | HP: 1/28 [giant frog (6)]
  1885 | D:6      | Slain by a sky beast

Skill      XL: |  1  2  3  4 |
---------------+-------------+-----
Conjurations   | 5 |  5.8
Dodging        | 3 |  3.2
Spellcasting   | 4 |  4.2
Stealth        | 3 |  3.0
Fighting       | |  0.2

Action                   |  1- 3 |  4- 6 || total
-------------------------+-------+-------++-------
Melee: Unarmed           |     4 |       ||     4
       Club              |       |     4 ||     4
 Cast: Magic Dart        |    47 |       ||    47
       Searing Ray       |     6 |     7 ||    13
       Iskenderun's Myst |       |     2 ||     2
  Use: Scroll            |       |     1 ||     1
 Stab: Sleeping          |       |     1 ||     1
  Eat: Chunk             |     2 |       ||     2
Armor: Robe              |     2 |     2 ||     4
Dodge: Dodged            |    23 |    16 ||    39
